 Dungeon Crawl Stone Soup version 0.18.1-8-gdd0e5ea (webtiles) character file.

231 georgeearnest the Ducker (level 5, 0/58 HPs)
             Began as a Demonspawn Gladiator on June 7, 2016.
             Slain by a killer bee (1 damage)
             ... on level 4 of the Dungeon.
             The game lasted 00:07:59 (4109 turns).

georgeearnest the Ducker (Demonspawn Gladiator)     Turns: 4109, Time: 00:08:00

Health: 0/58       AC:  4    Str: 18 (21) XL:     5   Next: 72%
Magic:  5/5        EV:  8    Int:  9      God:    Xom [..*...]
Gold:   105        SH: 13    Dex: 13 (14) Spells: 0 memorised, 4 levels left

rFire  + . .     SeeInvis .     a - +0 war axe
rCold  . . .     Gourm    .     b - +0 leather armour
rNeg   . . .     Faith    .     z - +2 large shield
rPois  .         Spirit   .     c - +0 helmet
rElec  .         Dismiss  .     (no cloak)
rCorr  .         Reflect  .     (no gloves)
SustAt .         Harm     .     (no boots)
MR     .....                    u - amulet of magic regeneration
Stlth  ..........               (no ring)
                                (no ring)

@: berserking, lethally poisoned (0 -> -4), very quick, not resistant to hostile
enchantments, extremely unstealthy
A: talons 2, fire resistance 1
a: Renounce Religion


You were on level 4 of the Dungeon.
You worshipped Xom.
You were a toy of Xom.
You were not hungry.

You visited 1 branch of the dungeon, and saw 4 of its levels.

You collected 105 gold pieces.

Inventory:

Hand Weapons
 a - a +0 war axe (weapon)
Missiles
 d - 3 throwing nets (quivered)
Armour
 b - a +0 leather armour (worn)
 c - a +0 helmet (worn)
 z - a +2 large shield (worn)
Jewellery
 u - an amulet of magic regeneration (around neck)
Scrolls
 e - a scroll of noise {unknown}
 i - a scroll of recharging {unknown}
 k - 2 scrolls of magic mapping {unknown}
 l - 3 scrolls of identify {unknown}
 n - a scroll of amnesia {unknown}
 o - a scroll of immolation {unknown}
 q - 3 scrolls of teleportation {unknown}
 t - 3 scrolls of remove curse {unknown}
 y - a scroll of enchant armour {unknown}
Potions
 r - a potion of degeneration
 A - 2 potions of cancellation
Comestibles
 f - 3 bread rations
 m - 3 meat rations
 s - a beef jerky
 x - 2 fruits


   Skills:
 + Level 2.6 Fighting
 + Level 3.6 Axes
 + Level 1.9 Throwing
 + Level 1.8 Armour
 + Level 4.2 Dodging
 + Level 1.0 Stealth
 + Level 0.5 Shields


You had 4 spell levels left.
You didn't know any spells.

Dungeon Overview and Level Annotations

Branches:
Dungeon (4/15)
 Temple: D:4-7

Altars:
Gozag
Pakellas
Qazlal
Xom
Zin


Innate Abilities, Weirdness & Mutations

You have razor-sharp toenails.
Your flesh is heat resistant.


Message History

The orc wizard blinks!
Your shield prevents you from hitting the killer bee.
You feel sick. You block the killer bee's attack.
You miss the killer bee. Your kick misses the killer bee.
You feel sick. The killer bee barely misses you.
You block the killer bee's attack.
You miss the killer bee. You claw the killer bee!
The killer bee is severely wounded.
You block the killer bee's attack. x2
You closely miss the killer bee. Your kick misses the killer bee.
The killer bee is severely wounded.
You feel sick.
The killer bee stings you but does no damage.
The killer bee stings you.
* * * LOW HITPOINT WARNING * * *
You hit the killer bee but do no damage.
The killer bee is severely wounded.
* * * LOW HITPOINT WARNING * * *
You feel sick. The killer bee stings you.
You die...
Xom howls with laughter!

#####....#...........#
####..........###.####
#........##...###.#
.....#.###...#.#...#.# #
...#...# ..#.........####....
.................###......#
.............#...#...########.#
#..##.##.##.............##....#
##. .. .. .#.##@#.###........#
. ...... ...##y#.###.#.####.#
#yo..†._..# ##y.###.#.# ##.#
.....# #...##.#... ###.# .###r#
#....o .$. .##.. ##


You could see 3 killer bees and an orc.

Vanquished Creatures
  An orc priest (D:3)
  3 gnolls (D:3)
  7 adders
  An ooze (D:4)
  A worm (D:3)
  4 dart slugs
  A giant gecko (D:2)
  9 orcs (D:3)
  4 bats
  2 giant cockroaches
  7 goblins
  10 hobgoblins
  13 jackals
  4 quokkas
  A ball python (D:3)
  3 giant newts
  6 kobolds
  A quokka skeleton (D:4)
  6 rats
84 creatures vanquished.

Notes
Turn   | Place    | Note
--------------------------------------------------------------
     0 | D:1      | georgeearnest the Demonspawn Gladiator began the quest for the Orb.
     0 | D:1      | Reached XP level 1. HP: 16/16 MP: 1/1
   180 | D:1      | Reached skill level 3 in Dodging
   545 | D:1      | Gained mutation: Your flesh is heat resistant. [demonic ancestry]
   545 | D:1      | Reached XP level 2. HP: 21/22 MP: 2/2
   730 | D:1      | Found a shimmering altar of Xom.
  1480 | D:1      | Became a worshipper of Xom of Chaos
  1549 | D:1      | XOM: harmless Pois miscast
  1593 | D:1      | XOM: divination: detect creatures
  1762 | D:2      | Gained mutation: You have sharp toenails. [demonic ancestry]
  1762 | D:2      | Reached XP level 3. HP: 27/27 MP: 3/3
  1863 | D:2      | Found a glowing silver altar of Zin.
  1868 | D:2      | XOM: harmless Ice miscast
  2019 | D:2      | XOM: harmless Chrm miscast
  2222 | D:2      | Reached XP level 4. HP: 11/33 MP: 4/4
  2340 | D:2      | XOM: silly message
  2353 | D:2      | XOM: harmless Tloc miscast
  2397 | D:2      | XOM: divination: magic mapping
  2516 | D:2      | XOM: mild Divn miscast
  2533 | D:2      | Found an opulent altar of Gozag.
  2533 | D:2      | Found an oddly glowing altar of Pakellas.
  2544 | D:2      | XOM: harmless Pois miscast
  2748 | D:3      | XOM is BORED!
  2748 | D:3      | XOM: noise
  2777 | D:3      | Reached skill level 1 in Armour
  3366 | D:3      | XOM: potion effect (might)
  3371 | D:3      | Reached skill level 1 in Stealth
  3373 | D:3      | Gained mutation: You have razor-sharp toenails. [demonic ancestry]
  3373 | D:3      | Reached XP level 5. HP: 17/39 MP: 5/5
  3387 | D:3      | XOM: harmless Erth miscast
  3395 | D:3      | XOM: divination: detect items
  3674 | D:3      | XOM: potion effect (berserk rage)
  3680 | D:3      | Reached skill level 4 in Dodging
  4076 | D:4      | Found a stormy altar of Qazlal.
  4108 | D:4      | HP: 2/58 [killer bee (6)]
  4109 | D:4      | Slain by a killer bee

Skill      XL: |  1  2  3  4  5 |
---------------+----------------+-----
Dodging        | 3 4 |  4.2
Axes           | 3 |  3.6
Armour         | 1 |  1.8
Stealth        | 1 |  1.0
Fighting       | |  2.6
Throwing       | |  1.9
Shields        | |  0.5

Action                   |  1- 3 |  4- 6 || total
-------------------------+-------+-------++-------
Melee: War axe           |   121 |   151 ||   272
       Kick              |     5 |    33 ||    38
  Use: Potion            |       |     8 ||     8
       Scroll            |       |     1 ||     1
  Eat: Bread ration      |     1 |       ||     1
       Meat ration       |       |     2 ||     2
Armor: Leather armour    |    54 |    40 ||    94
Dodge: Dodged            |   105 |    63 ||   168
Block: Large shield      |       |    88 ||    88
